Map: Dusk Towers

Players

ImmortalZodd

  • Race: Zerg Zerg
  • League: Silver

evolutioN - Winner!

  • Race: Protoss Protoss
  • League: Silver

VOD

Have the link to the VOD?

Description

Time

  • Played on: Jan. 29, 2016, 10 p.m.
  • Length: 11:01
Show
View Real Time Build Order
Export as new Build Order

ImmortalZodd Zerg 

Build Orders: Hatch First 

Get SALT Encoding   

  12  0:02  Drone  
  13  0:08  Drone  
  14  0:16  Drone, Extractor  
  15  0:46  Overlord  
  15  0:47  Hatchery  
  14  0:50  Extractor  
  14  0:54  Drone  
  14  1:07  Drone x2  
  14  1:08  Drone  
  17  1:40  Spawning Pool  
  16  1:48  Drone  
  16  1:49  Drone x2  
  19  1:59  Drone  
  20  2:01  Drone  
  21  2:11  Drone x2  
  23  2:21  Drone x2  
  25  2:29  Metabolic Boost  
  25  2:30  Queen  
  25  2:32  Drone  
  28  2:37  Overlord  
  28  2:55  Zergling x4, Queen  
  28  2:56  Zergling x4  
  34  3:04  Overlord  
  34  3:20  Drone x2  
  34  3:22  Hatchery, Drone  
  34  3:26  Drone x2  
  38  3:34  Queen  
  38  3:38  Extractor  
  39  3:49  Overlord  
  39  3:50  Overlord x2  
  39  4:11  Roach Warren  
  37  4:26  Evolution Chamber  
  37  4:29  Evolution Chamber  
  37  4:30  Extractor  
  34  4:41  Drone x6  
  34  4:42  Drone x6  
  46  4:50  Drone x2  
  48  4:53  Lair  
  48  4:54  Zerg Missile Weapons Level 1  
  48  4:55  Zerg Ground Armor Level 1  
  48  5:00  Drone x2  
  48  5:01  Drone x2  
  52  5:09  Roach  
  52  5:10  Roach x2  
  58  5:19  Drone x2  
  58  5:20  Drone x4  
  64  5:23  Overlord  
  64  5:29  Roach  
  64  5:30  Overlord  
  60  5:53  Roach  
  60  5:54  Roach x7  
  60  5:55  Roach  
  77  6:04  Roach  
  77  6:05  Roach  
  77  6:11  Overlord x5  
  81  6:22  Glial Reconstitution  
  81  6:34  Extractor  
  81  6:39  Roach x2  
  86  6:40  Roach  
  86  6:47  Extractor  
  86  6:49  Extractor  
  86  6:50  Roach x3  
  90  6:59  Drone x5  
  90  7:00  Drone x7  
  102  7:15  Roach x3  
  108  7:21  Roach x2  
  108  7:22  Roach  
  116  7:23  Roach x3  
  116  7:24  Overseer  
  120  7:32  Overlord x2  
  120  7:33  Overlord x5  
  120  7:57  Roach x5  
  120  7:58  Roach  
  132  8:02  Spore Crawler  
  131  8:07  Spore Crawler  
  131  8:08  Roach x6  
  131  8:09  Roach x4  
  150  8:14  Roach  
  150  8:16  Hydralisk Den  
  151  8:22  Overseer  
  89  8:48  Hydralisk  
  89  8:49  Hydralisk x6  
  89  8:50  Hydralisk x2  
  83  8:56  Hydralisk  
  83  8:57  Hydralisk  
  75  9:07  Hydralisk x2  
  62  9:22  Roach x3  
  58  9:38  Roach  
  58  9:39  Roach x7  
  74  9:48  Roach x2  
  78  9:56  Hatchery  
  78  9:58  Hydralisk x2  
  81  10:04  Hydralisk  
  45  10:21  Hydralisk x3  
  55  10:44  Spine Crawler x3  
  55  10:46  Spine Crawler  
Show
View Real Time Build Order
Export as new Build Order

evolutioN Protoss - Winner!

Build Orders: 1 Gate Expand 

Get SALT Encoding   

  12  0:01  Probe (Chrono Boost)  
  13  0:11  Probe (Chrono Boost)  
  14  0:20  Pylon  
  14  0:22  Probe (Chrono Boost)  
  15  0:38  Probe (Chrono Boost)  
  15  0:39  Gateway  
  16  0:49  Probe (Chrono Boost)  
  17  0:59  Probe (Chrono Boost), Assimilator  
  18  1:10  Probe (Chrono Boost)  
  19  1:24  Nexus  
  19  1:29  Probe (Chrono Boost)  
  20  1:42  Cybernetics Core  
  20  1:44  Probe (Chrono Boost)  
  21  1:50  Pylon  
  21  2:01  Assimilator  
  21  2:02  Probe (Chrono Boost)  
  22  2:08  Zealot  
  22  2:13  Probe (Chrono Boost)  
  25  2:26  Probe (Chrono Boost)  
  25  2:29  Warp Gate  
  26  2:38  Probe (Chrono Boost)  
  26  2:41  Mothership Core (Chrono Boost)  
  29  2:48  Probe (Chrono Boost)  
  29  2:51  Stalker  
  32  2:59  Probe (Chrono Boost)  
  34  3:05  Probe (Chrono Boost)  
  34  3:10  Probe (Chrono Boost)  
  34  3:12  Pylon  
  35  3:16  Probe (Chrono Boost)  
  35  3:18  Robotics Facility  
  36  3:23  Gateway  
  36  3:26  Gateway  
  36  3:28  Gateway  
  36  3:29  Probe (Chrono Boost)  
  37  3:41  Probe (Chrono Boost)  
  37  3:42  Probe (Chrono Boost)  
  37  3:46  Sentry  
  41  3:50  Pylon  
  41  3:52  Probe (Chrono Boost)  
  41  3:55  Probe (Chrono Boost)  
  44  4:03  Probe (Chrono Boost)  
  44  4:09  Probe (Chrono Boost)  
  45  4:13  Probe (Chrono Boost), Assimilator  
  46  4:18  Warp Prism (Chrono Boost)  
  46  4:23  Probe  
  48  4:24  Probe, Twilight Council  
  50  4:33  Probe  
  50  4:36  Probe, Pylon  
  52  4:41  Pylon  
  52  4:48  Immortal (Chrono Boost)  
  52  4:49  Adept x3  
  62  5:05  Charge (Chrono Boost)  
  62  5:10  Probe x2  
  62  5:13  Assimilator  
  64  5:19  Immortal, Pylon  
  68  5:55  Immortal  
  66  6:00  Zealot  
  66  6:01  Zealot x2  
  72  6:19  Nexus  
  72  6:20  Gateway  
  72  6:22  Gateway  
  72  6:24  Pylon  
  72  6:26  Gateway  
  72  6:28  Gateway, Probe x2  
  72  6:31  Gateway  
  74  6:38  Forge  
  74  6:41  Immortal  
  74  6:42  Pylon  
  74  6:44  Probe  
  74  6:45  Probe, Pylon  
  80  6:50  Zealot x3  
  86  7:01  Zealot  
  88  7:06  Probe  
  88  7:07  Probe  
  90  7:12  Protoss Ground Weapons Level 1 (Chrono Boost)  
  90  7:15  Immortal  
  90  7:18  Zealot x3  
  90  7:21  Sentry  
  90  7:22  Zealot x2  
  106  7:35  Zealot x3  
  112  7:44  Zealot x3  
  112  7:45  Stalker  
  120  8:06  Zealot x2  
  120  8:12  Probe  
  125  8:13  Pylon  
  125  8:15  Pylon  
  125  8:16  Pylon  
  125  8:17  Pylon  
  125  8:19  Pylon  
  125  8:23  Assimilator  
  125  8:27  Probe x2, Assimilator  
  111  8:41  Zealot x6  
  99  8:42  Zealot x3  
  89  9:05  Probe x2  
  89  9:07  Zealot x3  
  89  9:08  Zealot x4  
  89  9:09  Sentry  
  107  9:10  Sentry  
  109  9:17  Probe x2  
  107  9:50  Nexus, Robotics Bay  
  107  9:53  Pylon  
  107  9:55  Pylon  
  107  10:12  Stalker x3  
  107  10:13  Zealot x3  
  107  10:14  Zealot x2  
  117  10:15  Stalker  
  119  10:27  Photon Cannon  
  119  10:29  Photon Cannon x2  
  119  10:30  Photon Cannon  
  119  10:32  Photon Cannon  
  119  10:33  Photon Cannon  
  119  10:37  Pylon  
Tags
 
Add a new tag
Caveats
  • Supply blocks, unpowered buildings, or Contaminate may cause inaccurate times.
  • Supply counts are checked every 10 seconds.